 Dungeon Crawl Stone Soup version 0.30-a0-924-g0ad0bf95bc (webtiles) character file.

Game seed: 11694852376136746325

302 Iniera the Conjurer (level 6, -13/28 HPs)
             Began as a Vine Stalker Conjurer on Mar 22, 2023.
             Mangled by a wyvern (15 damage)
             ... on level 3 of the Dungeon.
             The game lasted 00:04:48 (2984 turns).

Iniera the Conjurer (Vine Stalker Conjurer)         Turns: 2984, Time: 00:04:48

Health: -13/28     AC:  4    Str:  9    XL:     6   Next: 37%
Magic:  0/12       EV: 11    Int: 20    God:
Gold:   169        SH:  0    Dex: 13    Spells: 5/12 levels left

rFire   . . .      SeeInvis .    c - +0 dagger
rCold   . . .      Faith    .    (no shield)
rNeg    . . .      Spirit   +    k - +0 leather armour {Will+}
rPois   .          Reflect  .    (no helmet)
rElec   .          Rampage  .    (no cloak)
rCorr   .                        d - +0 pair of gloves
Will    .....                    (no boots)
Stlth   ++                       (no amulet)
HPRegen 1.04/turn                (no ring)
MPRegen 0.13/turn                (no ring)

@: about to teleport, weak-willed
A: fangs 2, regeneration 1, magic shield, antimagic bite, no potion heal 2
a: no special abilities


You were on level 3 of the Dungeon.
You visited 1 branch of the dungeon, and saw 4 of its levels.

You collected 169 gold pieces.

Inventory:

Hand Weapons
 c - a +0 dagger (weapon)
Armour
 d - a +0 pair of gloves (worn)
 k - a +0 leather armour of willpower (worn)
Scrolls
 e - a scroll of teleportation
 g - 2 scrolls of amnesia
Potions
 a - a potion of heal wounds {unknown}
 b - a potion of resistance {unknown}
 f - a potion of brilliance {unknown}
 h - a potion of haste
 i - a potion of degeneration {unknown}
 j - a potion of curing
 m - a potion of attraction {unknown}


   Skills:
 - Level 1.5 Dodging
 - Level 2.4 Stealth
 + Level 3.8 Spellcasting
 * Level 6.1 Conjurations
 + Level 1.6 Hexes
 + Level 1.6 Translocations


You had 5 spell levels left.
You knew the following spells:

 Your Spells              Type           Power      Damage    Failure   Level
a - Magic Dart            Conj           100%       1d8       1%          1
b - Searing Ray           Conj           56%        2d6       2%          2
c - Fulminant Prism       Conj/Hex       9%         3d7       36%         4

Your spell library contained the following spells:

 Spells                   Type           Power      Damage    Failure   Level
 Apportation              Tloc           20%        N/A       10%         1
 Dazzling Flash           Conj/Hex       38%        N/A       11%         3
 Necrotise                Necr           12%        1d4       19%         1
 Summon Small Mammal      Summ           12%        N/A       19%         1
 Iskenderun's Mystic Bla  Conj/Tloc      19%        2d6       36%         4
 Ozocubu's Armour         Ice            3%         N/A       50%         3
 Metabolic Englaciation   Hex/Ice        3%         N/A       98%         5
 Simulacrum               Ice/Necr       1%         N/A       100%        6


Dungeon Overview and Level Annotations

Branches:
Dungeon (4/15)
 Temple: D:4-7

Altars:
Okawaru

Shops:
D:1 =(   D:4 (


Innate Abilities, Weirdness & Mutations

You have extremely sharp teeth.
Your natural rate of healing is unusually fast.
When hurt, damage is shared between your health and your magic reserves.
Your bite disrupts and absorbs the magic of your enemies.
Potions cannot restore your health.


Message History

Where to? (Enter - D:2 @ (x,y), ? - help)
There is an open door here.
There is a stone staircase leading down here.
You climb downwards.
Found Mongosity's Weapon Emporium.
Found a stone staircase leading down.
There is a stone staircase leading up here.
There are monsters nearby!
The magic dart hits the iguana but does no damage.
The iguana hisses angrily.
The wyvern hisses angrily.
The magic dart hits the iguana!
The iguana is heavily wounded.
The magic dart hits the iguana.
The iguana is almost dead.
The magic dart hits the iguana.
The iguana is almost dead.
The wyvern bites you!
You climb upwards.
There is a stone staircase leading down here.
You barely miss the wyvern. Your bite misses the wyvern.
The wyvern barely misses you. x2
You closely miss the wyvern. You bite the wyvern, but do no damage.
The wyvern bites you.
You hit the wyvern but do no damage. Your bite misses the wyvern.
The wyvern bites you. The wyvern closely misses you.
You hit the wyvern but do no damage. The wyvern bites you!
* * * LOW HITPOINT WARNING * * *
You have no ailments to cure.
Okay, then.
Okay, then.
As you read the scroll of teleportation, it crumbles to dust.
You feel strangely unstable. The wyvern closely misses you.
The wyvern barely misses you.
You hit the wyvern. You bite the wyvern, but do no damage.
The wyvern is lightly wounded.
The wyvern bites you!
* * * LOW HITPOINT WARNING * * *
The wyvern attacks as you move away! The wyvern closely misses you.
The wyvern bites you!
Ouch! That really hurt!
You die...

##.....## #.#..♣.♣.♣.♣..#...#
##.......## #...♣.♣._.♣.♣.##..#
##.........####....♣.♣.♣.♣..#...#
.'.........'........♣.♣.♣........
##.........####.....[♣.♣........#
##.......## ##..#...♣...#.#..##
##.....## #............#....
##...## #.......########## ##+##
#@####### # #.# #l# # #.# #.# #
######.####### #.# #
.............# #.# #
.###.....###.# #.# # .# ##...##
#.# #.# # .####..#####.###.# #
.................# #


You could see a wyvern.

Vanquished Creatures
  A water moccasin (D:3)
  An orc priest (D:2)
  2 orc wizards
  4 gnolls (D:2)
  An adder (D:2)
  A river rat (D:3)
  A dart slug (D:1)
  6 orcs
  8 ball pythons
  An endoplasm (D:3)
  4 giant cockroaches
  6 goblins
  2 hobgoblins
  4 jackals (D:2)
  5 bats
  5 frilled lizards
  3 kobolds
  9 rats
64 creatures vanquished.

Notes
Turn   | Place    | Note
-------+----------+-------------------------------------------
     0 | D:1      | Iniera the Vine Stalker Conjurer began the quest for the
                  | Orb.
     0 | D:1      | Reached XP level 1. HP: 9/9 MP: 4/4
   150 | D:1      | Reached XP level 2. HP: 9/13 MP: 0/6
   393 | D:1      | Found Cumass's Jewellery Emporium.
   586 | D:1      | Found Bolul's Antique Weapon Shoppe.
   699 | D:1      | Found a faded altar of an unknown god.
   719 | D:1      | You fall into a shaft and drop 1 floor!
   812 | D:2      | Reached XP level 3. HP: 16/16 MP: 5/7
  1249 | D:2      | Learned a level 2 spell: Searing Ray
  1251 | D:2      | Reached skill level 5 in Conjurations
  1251 | D:2      | Gained mutation: Your natural rate of healing is unusually
                  | fast. [Vine Stalker growth]
  1251 | D:2      | Reached XP level 4. HP: 15/21 MP: 3/9
  1288 | D:2      | Learned a level 4 spell: Fulminant Prism
  1471 | D:2      | Reached XP level 5. HP: 19/24 MP: 3/10
  1858 | D:3      | Found an iron altar of Okawaru.
  2035 | D:3      | Noticed a water moccasin
  2384 | D:3      | Reached skill level 1 in Hexes
  2384 | D:3      | Reached skill level 1 in Translocations
  2439 | D:3      | Killed a water moccasin
  2440 | D:3      | Reached skill level 6 in Conjurations
  2440 | D:3      | Reached XP level 6. HP: 8/28 MP: 1/12
  2971 | D:4      | Noticed a wyvern
  2971 | D:4      | Found Mongosity's Weapon Emporium.
  2983 | D:3      | HP: 1/28 [wyvern (5)]
  2984 | D:3      | Mangled by a wyvern

Illustrated notes

Levels and vault maps discovered:
D:1:      dpeg_arrival_shrine, layout_basic, serial_shops, shop, shop,
          shapermc_ecumenical_altar_acropolis
D:2:      cheibrodos_pilgrimage, layout_basic
D:3:      layout_loops_corners, okawaru_trees_2, portal_sewer_entry_b,
          grunt_ministairs_7
D:4:      layout_basic, kennysheep_mini_moat, lemuel_tele_altar,
          marbit_many_paths, nicolae_stop_n_shop_2

Skill      XL: |  1  2  3  4  5 |
---------------+----------------+-----
Spellcasting   | 3 |  3.8
Conjurations   | 5 6 |  6.1
Hexes          | 1 |  1.6
Translocations | 1 |  1.6
Dodging        | |  1.5
Stealth        | |  2.4

Action                     |  1- 3 |  4- 6 || total
---------------------------+-------+-------++-------
  Melee: Dagger            |     8 |    41 ||    49
         Bite              |     1 |    12 ||    13
   Cast: Magic Dart        |    47 |    44 ||    91
         Searing Ray       |     1 |     8 ||     9
    Use: Scroll            |     3 |     3 ||     6
         Potion            |       |     3 ||     3
   Stab: Sleeping          |     1 |       ||     1
 Armour: Robe              |     5 |     6 ||    11
         Skin              |       |     6 ||     6
         Leather armour    |       |     3 ||     3
  Dodge: Dodged            |     9 |    35 ||    44

Table legend: (Time is in decaauts)
 A = Elapsed time spent in this place.
 B = Non-inter-level travel time spent in this place.
 C = Inter-level travel time spent in this place.
 D = Time resting spent in this place.
 E = Time spent auto-exploring this place.
 F = Levels seen in this place.
 G = Mean time per level.
                   A        B        C        D        E       F      G
               +--------+--------+--------+--------+--------+-----+--------+
         Total |   2984 |   2886 |     98 |    244 |   2262 |   4 |  746.0 |
       Dungeon |   2984 |   2886 |     98 |    244 |   2262 |   4 |  746.0 |
               +--------+--------+--------+--------+--------+-----+--------+

Top non-repeatable levels by time:
     D:3: 1148 daAuts
     D:2: 1111 daAuts
     D:1: 719 daAuts
     D:4: 5 daAuts
